 Dungeon Crawl Stone Soup version 0.31.0-32-g396128a36d (webtiles) character file.

Game seed: 3772805560396110153

4152 Logoto the Cleaver (level 10, 0/86 (88) HPs)
             Began as a Hill Orc Fighter on Mar 11, 2024.
             Was an Elder of Okawaru.
             Slain by a two-headed ogre
             ... wielding a +0 giant spiked club
              (15 damage)
             ... on level 8 of the Dungeon on Mar 12, 2024.
             The game lasted 00:26:51 (7470 turns).

Logoto the Cleaver (Hill Orc Fighter)               Turns: 7470, Time: 00:26:52

HP:   0/86 (88)     AC: 14    Str: 24    XL:     10   Next: 28%
MP:   10/10         EV: 11    Int:  8    God:    Okawaru [****..]
Gold: 490           SH:  0    Dex: 10    Spells: 9/9 levels left

rFire   . . .        w - +3 battleaxe
rCold   . . .        (shield currently unavailable)
rNeg    . . .        B - +1 scale mail {rPois}
rPois   +            (no helmet)
rElec   .            k - +0 cloak
rCorr   .            (no gloves)
SInv    .            e - +2 pair of boots
Will    .....        (no amulet) Stlth
                     (no ring)
HPRegen 0.34/turn    (no ring)
MPRegen 0.12/turn

%: no passive effects
@: lightly drained
A: no striking features
a: Renounce Religion, Heroism, Finesse


You were on level 8 of the Dungeon.
You worshipped Okawaru.
Okawaru was greatly pleased with you.
You visited 2 branches of the dungeon, and saw 9 of its levels.

You collected 490 gold pieces.

Inventory:

Hand Weapons
 t - a +1 spear of venom
 w - a +3 battleaxe (weapon)
 y - the +3 hand axe "Tiatoyq" {elec, rElec rF+ Will+}
   (You found it on level 7 of the Dungeon)

   rF+:       It protects you from fire.
   rElec:     It insulates you from electricity.
   Will+:     It increases your willpower.
Missiles
 o - 4 javelins (quivered)
 q - 2 boomerangs
 s - 2 throwing nets
 u - 13 poisoned darts
Armour
 c - a +0 buckler
 e - a +2 pair of boots (worn)
 k - a +0 cloak (worn)
 p - a +0 chain mail
 B - a +1 scale mail of poison resistance (worn)
Jewellery
 b - an amulet of regeneration
 d - a ring of ice
Wands
 a - a wand of mindburst (10)
 x - a wand of polymorph (3)
Scrolls
 f - 3 scrolls of revelation
 h - 2 scrolls of poison
 i - a scroll of noise {unknown}
 n - 2 scrolls of teleportation
Potions
 g - a potion of invisibility
 j - 2 potions of resistance
 l - 8 potions of curing
 m - a potion of attraction
 r - 2 potions of cancellation
 v - a potion of ambrosia
 z - a potion of might
 A - a potion of mutation {unknown}
 C - 2 potions of magic {unknown}


   Skills:
 + Level 8.0 Fighting
 + Level 11.9 Axes
 + Level 8.8 Armour
 + Level 3.1 Dodging
 + Level 2.1 Stealth
 + Level 5.7 Shields
 + Level 0.3 Evocations


You had 9 spell levels left.
You didn't know any spells.
Your spell library contained the following spells:

 Spells                   Type           Power      Damage    Failure   Level
 Apportation              Tloc           0%         N/A       67%         1
 Necrotise                Necr           0%         1d4       67%         1
 Slow                     Hex            0%         N/A       67%         1
 Sting                    Conj/Alch      0%         1d3       67%         1
 Blink                    Tloc           0%         N/A       80%         2
 Lesser Beckoning         Tloc           0%         N/A       80%         2
 Momentum Strike          Conj/Tloc      0%         3d8       80%         2
 Sublimation of Blood     Necr           0%         N/A       80%         2
 Confusing Touch          Hex            0%         N/A       95%         3
 Dazzling Flash           Conj/Hex       0%         N/A       95%         3
 Gell's Gravitas          Tloc           0%         N/A       95%         3
 Sigil of Binding         Hex            0%         N/A       95%         3
 Teleport Other           Tloc           0%         N/A       95%         3
 Vampiric Draining        Necr           0%         2d6       95%         3
 Volatile Blastmotes      Fire/Tloc      0%         2d10      95%         3
 Petrify                  Alch/Erth      0%         N/A       100%        4
 Irradiate                Conj/Alch      0%         3d11      100%        5
 Starburst                Conj/Fire      0%         6d3       100%        6
 Maxwell's Capacitive Co  Air            0%         ∞         100%        8
 Summon Small Mammal      Summ           Unusable   N/A       N/A         1

Dungeon Overview and Level Annotations

Branches:
Dungeon (8/15)             Temple (1/1) D:4
   Lair: D:8-11

Altars:
Ashenzari
Cheibriados
Dithmenos
Elyvilon
Fedhas
Gozag
Hepliaklqana
Kikubaaqudgha
Makhleb
Okawaru
Qazlal
Ru
Sif Muna
Trog
Uskayaw
Vehumet
Xom
Yredelemnul
Zin
The Shining One

Annotations:
D:4 exclusion: statue


Message History

The gnoll closely misses you.
A bullfrog comes into view.
The wight hits you but does no damage. The gnoll completely misses you.
You closely miss the wight.
The wight is severely damaged.
The bullfrog croaks.
You hear a shout!
You hear a loud, deep croak!
The wight hits you with a +3 hand axe of freezing.
You feel drained. The wight freezes you. The gnoll hits you but does no damage.
You barely miss the wight.
The wight is severely damaged.
The wight barely misses you. The gnoll barely misses you.
You slash the wight!
You destroy the wight!
Okawaru accepts your kill.
An orc comes into view. It is wielding a +0 hand axe.
Your Fighting skill increases to level 8!
You barely miss the orc.
You hear an angry hiss.
The orc closely misses you.
You hear a loud, deep croak!
You hit the orc.
The orc is heavily wounded.
You hear a shout! x2
The orc hits you with a +0 hand axe.
You closely miss the orc.
The orc is moderately wounded.
A two-headed ogre comes into view.
It is wielding two +0 giant spiked clubs.
You barely miss the two-headed ogre.
The two-headed ogre hits you with a +0 giant spiked club! x2
You hit the two-headed ogre but do no damage.
You slice the two-headed ogre!!
The two-headed ogre is heavily wounded.
The two-headed ogre hits you with a +0 giant spiked club!
The two-headed ogre closely misses you.
You slash the two-headed ogre!
The two-headed ogre is almost dead.
The two-headed ogre hits you with a +0 giant spiked club!
* * * LOW HITPOINT WARNING * * *
The two-headed ogre hits you with a +0 giant spiked club!
You die...

#............
###'###'##........
....##...#........
### ...#....≈≈≈≈≈≈≈≈.
..##..#...≈≈~~~~~~≈≈
gD#..##..≈~≈≈≈≈≈≈~≈
#F#..##...≈≈~~~~≈≈~
#O#..##..≈≈~≈≈≈≈~≈~
#@).....≈)≈≈....≈~
#...##..≈~≈~≈..!≈~
#...##..≈~≈~≈...)≈
#....##..≈~≈~≈~≈≈≈≈
.......#.>≈~≈~≈≈~~~~
.
.##....##..≈~≈≈~≈≈≈≈≈
. .
#....####≈≈~≈≈~~~~~
.#######
.##....##...≈≈.≈≈≈≈≈≈
.......# ......
#............


You could see a two-headed ogre, a steam dragon, a bullfrog and a gnoll.

Vanquished Creatures
  Grinder (D:5)
  Prince Ribbit (D:7)
  Sigmund (D:2)
  2 steam dragons
  8 yaks (D:8)
  Menkaure (D:5)
  An acid dragon (D:8)
  2 water moccasins
  2 centaurs
  A phantom (D:5)
  A kobold brigand (D:8)
  Blork the orc (D:5)
  A gnoll sergeant (D:8)
  A bullfrog (D:8)
  2 scorpions (D:4)
  10 wights
  A bombardier beetle (D:6)
  A jelly (D:5)
  5 hounds
  2 gnoll boudas
  An iguana (D:5)
  3 orc wizards
  9 gnolls
  5 adders
  A shadow imp (D:8)
  6 ufetubi
  2 dart slugs (D:2)
  3 ribbon worms
  18 orcs
  8 ball pythons
  2 bats
  6 endoplasms
  3 giant cockroaches
  5 goblins
  2 hobgoblins
  5 jackals (D:1)
  4 quokkas
  4 frilled lizards
  9 kobolds
  8 rats
149 creatures vanquished.

Notes
Turn   | Place    | Note
-------+----------+-------------------------------------------
     0 | D:1      | Logoto the Hill Orc Fighter began the quest for the Orb.
     0 | D:1      | Reached XP level 1. HP: 19/19 MP: 1/1
   142 | D:1      | Reached XP level 2. HP: 27/27 MP: 2/2
   184 | D:1      | Reached skill level 3 in Axes
   349 | D:1      | Reached XP level 3. HP: 31/33 MP: 3/3
  1132 | D:2      | Noticed Sigmund
  1201 | D:2      | Killed Sigmund
  1202 | D:2      | Reached skill level 5 in Axes
  1202 | D:2      | Reached XP level 4. HP: 31/41 MP: 4/4
  1202 | D:2      | Reached XP level 5. HP: 36/47 MP: 5/5
  1616 | D:3      | Reached skill level 6 in Axes
  1616 | D:3      | Reached XP level 6. HP: 48/53 MP: 6/6
  2266 | D:4      | Noticed a water moccasin
  2284 | D:3      | Killed a water moccasin
  2285 | D:3      | Reached skill level 1 in Dodging
  2426 | D:4      | Reached skill level 5 in Fighting
  2437 | D:4      | Found a staircase to the Ecumenical Temple.
  2479 | Temple   | Entered the Ecumenical Temple
  2532 | Temple   | Became a worshipper of Warmaster Okawaru
  2572 | D:4      | Found a hide-covered altar of Uskayaw.
  2583 | D:4      | Reached skill level 7 in Axes
  2583 | D:4      | Reached XP level 7. HP: 61/61 MP: 7/7
  2583 | D:4      | Noticed a +0 dagger
  2596 | D:4      | Noticed a +0 hand axe
  2626 | D:4      | Found a radiant altar of Vehumet.
  3099 | D:5      | Entered Level 5 of the Dungeon
  3157 | D:5      | Found a broken altar of Ashenzari.
  3309 | D:5      | Reached skill level 5 in Armour
  3340 | D:5      | Noticed Menkaure
  3351 | D:5      | Killed Menkaure
  3374 | D:5      | Noticed Blork the orc
  3377 | D:5      | Reached skill level 8 in Axes
  3385 | D:5      | Killed Blork the orc
  3385 | D:5      | Reached * piety under Okawaru
  3386 | D:5      | Reached XP level 8. HP: 42/69 MP: 8/8
  3716 | D:5      | Noticed Grinder
  3727 | D:5      | Paralysed by Grinder for 2 turns
  3732 | D:5      | Killed Grinder
  3733 | D:5      | Reached skill level 9 in Axes
  4105 | D:6      | Reached skill level 1 in Stealth
  4321 | D:6      | Reached ** piety under Okawaru
  4826 | D:6      | Reached skill level 10 in Axes
  5009 | D:7      | Found a flagged portal.
  5018 | D:7      | Identified the +3 hand axe "Tiatoyq" {elec, rElec rF+
                  | Will+}
  5165 | D:6      | Reached XP level 9. HP: 71/77 MP: 9/9
  5666 | D:7      | Noticed Prince Ribbit
  5688 | D:7      | Killed Prince Ribbit
  6534 | D:8      | Reached skill level 11 in Axes
  6538 | D:8      | Reached *** piety under Okawaru
  6539 | D:8      | Reached skill level 5 in Shields
  6906 | D:8      | Reached **** piety under Okawaru
  6907 | D:8      | Reached XP level 10. HP: 48/86 MP: 10/10
  7142 | D:8      | Found an opulent altar of Gozag.
  7467 | D:8      | Noticed a two-headed ogre
  7470 | D:8      | Slain by a two-headed ogre

Illustrated notes

Levels and vault maps discovered:
D:1:      dpeg_arrival_yet_another_circle, layout_basic, minivault_4,
          serial_bayou_ford_a, minmay_3d_cube
D:2:      layout_loops_cross, uniq_sigmund
D:3:      layout_basic
D:4:      layout_basic, dancing_weapons_uskayaw, vehumet_statue,
          minmay_temple_entry_offerings
D:5:      layout_loops_ring, mainiacjoe_overflow_cross_hatched, uniq_grinder,
          uniq_blork_the_orc, uniq_menkaure
D:6:      layout_loops_cross
D:7:      layout_layer_cave, enter_bailey_2, uniq_prince_ribbit1
D:8:      nicolae_whirlpool, layout_gridville, lemuel_tele_altar, serial_shops,
          nicolae_shop_tiny_real_fake_doors, minmay_alternating_orb, uniq_pikel,
          uniq_gastronok
Temple:   eino_temple_scatter_basement

Skill      XL: |  1  2  3  4  5  6  7  8  9 10 |
---------------+-------------------------------+-----
Axes           | 3 5 6 7 8 10 11 | 11.9
Fighting       | 4 5 6 7 8 |  8.0
Armour         | 4 5 6 8 |  8.8
Dodging        | 1 2 3 |  3.1
Shields        | 4 5 |  5.7
Stealth        | 1 2 |  2.1
Evocations     | |  0.3

Action                     |  1- 3 |  4- 6 |  7- 9 | 10-12 || total
---------------------------+-------+-------+-------+-------++-------
  Melee: War axe           |    86 |    92 |   160 |       ||   338
         Hand axe          |       |       |   113 |    19 ||   132
         Battleaxe         |       |       |       |    41 ||    41
  Evoke: Wand              |       |       |     2 |       ||     2
    Use: Potion            |     1 |       |     2 |       ||     3
         Scroll            |       |     3 |     6 |       ||     9
 Armour: Scale mail        |    55 |     4 |    30 |    55 ||   144
         Chain mail        |       |    84 |   213 |       ||   297
  Dodge: Dodged            |    34 |    37 |   105 |    32 ||   208
  Block: Buckler           |    19 |    24 |    62 |     4 ||   109
